 Dungeon Crawl Stone Soup version 0.25-a0-566-g062765be81 (webtiles) character file.

Game seed: 9410130153525403775, levelgen mode: deterministic

30 Flugslaktarn the Covered (level 3, -1/33 HPs)
             Began as a Deep Dwarf Fighter on Feb 28, 2020.
             Slain by an ogre
             ... wielding a +0 giant club
              (26 damage)
             ... on level 4 of the Dungeon.
             The game lasted 00:00:21 (372 turns).

Flugslaktarn the Covered (Deep Dwarf Fighter)        Turns: 372, Time: 00:00:22

Health: -1/33      AC:  6    Str: 20    XL:     3   Next: 3%
Magic:  3/3        EV:  7    Int:  8    God:
Gold:   61         SH:  9    Dex: 12    Spells: 2/2 levels left

rFire    . . .     SeeInvis .   a - +0 war axe
rCold    . . .     Gourm    .   c - +0 kite shield
rNeg     . . .     Faith    .   b - +0 scale mail
rPois    .         Spirit   .   (no helmet)
rElec    .         Reflect  .   (no cloak)
rCorr    .         Harm     .   (no gloves)
MR       .....                  (no boots)
Stlth    ..........             (no amulet)
HPRegen  0.00/turn              (no ring)
MPRegen  0.08/turn              (no ring)

@: non-regenerating
A: damage resistance, heal wounds, sense surroundings 1, no regeneration
a: Heal Wounds


You were on level 4 of the Dungeon.
You were not hungry.

You visited 1 branch of the dungeon, and saw 4 of its levels.

You collected 61 gold pieces.

Inventory:

Hand Weapons
 a - a +0 war axe (weapon)
Missiles
 k - a throwing net (quivered)
Armour
 b - a +0 scale mail (worn)
 c - a +0 kite shield (worn)
Jewellery
 g - an uncursed ring of ice {unknown}
   (You found it on level 1 of the Dungeon)
Scrolls
 j - 2 scrolls of teleportation {unknown}
Potions
 d - a potion of might
 f - a potion of lignification {unknown}
 i - a potion of invisibility {unknown}
Comestibles
 e - 2 rations
 h - a chunk of flesh


   Skills:
 + Level 2.9 Fighting
 * Level 3.0 Axes
 + Level 3.6 Armour
 + Level 3.6 Shields


You had 2 spell levels left.
You didn't know any spells.
Your spell library was empty.

Dungeon Overview and Level Annotations

Branches:
Dungeon (4/15)
 Temple: D:4-7

Altars:


Innate Abilities, Weirdness & Mutations

You are resistant to damage.
You can heal yourself by infusing magical energy.
You passively map a small area around you.
You do not regenerate.


Message History

Your experience leads to an increase in your attributes!
Increase (S)trength, (I)ntelligence, or (D)exterity?
You feel stronger.
You feel much better.
There is a stone staircase leading up here.
You now have 61 gold pieces (gained 8).
You are no longer poisoned.
An ogre comes into view. It is wielding a +0 giant club.
The ogre shouts!
The ogre moves out of view.
Found a silver wand.
The ogre is too close now for your liking.
An ogre is nearby!
You see here 9 gold pieces.
The ogre hits you with a +0 giant club!
You slash the ogre!
The ogre is moderately wounded.
The ogre hits you with a +0 giant club!!
Ouch! That really hurt!
You die...

, * , #.# , #...#* ,*
#.# .# #...## # . #.#
.# 8...8*.# #.# # #.#
.# #...##.# *
#..<#.#.# .# #/.....#
......#.###.#.#......#
............#.#..O...#
, #...<...#...@....+ ,
#....#.####$.....# * *
* #......#.....#####.#
* , #######..........#
.. #..........#,* # *
, #..........#
#..........#
#..........# ,
#............# *,


You could see an ogre.

Vanquished Creatures
  An adder (D:4)
  An ooze (D:1)
  A giant cockroach (D:2)
  3 goblins
  A hobgoblin (D:1)
  2 jackals (D:1)
  4 kobolds
  A bat (D:2)
14 creatures vanquished.

Notes
Turn   | Place    | Note
-------+----------+-------------------------------------------
     0 | D:1      | Flugslaktarn the Deep Dwarf Fighter began the quest for the
                  | Orb.
     0 | D:1      | Reached XP level 1. HP: 20/20 MP: 1/1
    70 | D:1      | Reached XP level 2. HP: 27/27 MP: 2/2
   353 | D:4      | Reached XP level 3. HP: 24/33 MP: 3/3
   368 | D:4      | Noticed an ogre
   372 | D:4      | Slain by an ogre

Levels and vault maps discovered:
D:1:      dpeg_arrival_long_road, layout_loops_ring,
          hangedman_abyss_or_decor_lesser_grid
D:2:      layout_loops_ring, uniq_natasha
D:3:      layout_basic, kiku_gazebo_pond_becter, elyvilon_altar_3,
          tso_metal_star, first_ration
D:4:      layout_basic, serial_corexii_hall, corexii_hall_statues_x,
          corexii_hall_statues_s

Skill      XL: |  1  2 |
---------------+-------+-----
Axes           | 3 |  3.0
Fighting       | |  2.9
Armour         | |  3.6
Shields        | |  3.6

Action                   || total
-------------------------++-------
Melee: War axe           ||    49
 Abil: Heal Wounds       ||     1
Armor: Scale mail        ||    25
Dodge: Dodged            ||    13
Block: Kite shield       ||    23

Table legend:
 A = Non-vault XP
 B = Vault XP
 C = Vault XP percentage of total XP
 D = Non-vault monster count
 E = Vault monster count
 F = Vault count percentage of total count
                 A         B        C        D         E       F
            +---------+---------+-------+---------+---------+-------
      Total |      43 |       0 |   0.0 |      14 |       0 |   0.0
            +---------+---------+-------+---------+---------+-------
        D:1 |      22 |       0 |   0.0 |       9 |       0 |   0.0
        D:2 |       5 |       0 |   0.0 |       3 |       0 |   0.0
        D:3 |       2 |       0 |   0.0 |       1 |       0 |   0.0
        D:4 |      14 |       0 |   0.0 |       1 |       0 |   0.0
            +---------+---------+-------+---------+---------+-------
